 Dungeon Sprint DCSS version 0.31-a0-868-g674d60d6f7 (webtiles) character file.

Game seed: 11983638519562474142

776 rocky1 the Martial Artist (level 8, -6/57 HPs)
             Began as a Djinni Shapeshifter on Oct 12, 2023.
             Mangled by a boulder beetle (21 damage)
             ... in the Dungeon (Sprint II: "The Violet Keep of Menkaure").
             The game lasted 00:04:36 (531 turns).

rocky1 the Martial Artist (Djinni Shapeshifter)      Turns: 531, Time: 00:04:37

Health: -6/57      AC:  2    Str: 13    XL:     8   Next: 10%
Gold:   243        EV: 15    Int: 13    God:
                   SH:  0    Dex: 12

rFire   + +          +
                       - Unarmed
rCold   x . .        (no shield)
rNeg    . . .        a - +0 animal skin
rPois   ∞            (helmet currently unavailable)
rElec   .            (cloak currently unavailable)
rCorr   .            (gloves currently unavailable)
SInv    .            (boots unavailable)
Will    .....        (no amulet)
Stlth   +            (no ring)
HPRegen 0.29/turn    (no ring)
MPRegen 0.00/turn

%: no teleportation, infuse magic (-7 HP)
@: beast-form, flying
A: beast (slay +3), flying, sickness immunity, fire resistance 3, cold
vulnerability 1, float, innate caster, HP casting, extra vitality 1, clumsy 1,
frail 1
a: Begin Untransformation


You were in the Dungeon.
You were a hulking beast.
You visited 1 branch You collected 243 gold pieces.

Inventory:

Armour
 a - a +0 animal skin (worn)
Talismans
 c - a beast talisman (active)
 d - a flux talisman
Scrolls
 b - a scroll of brand weapon {unknown}
Potions
 e - a potion of curing


   Skills:
 + Level 7.0 Fighting
 + Level 8.0 Dodging
 * Level 10.4 Unarmed Combat
 - Level 4.0 Spellcasting
 - Level 4.0 Conjurations
 - Level 4.0 Hexes
 - Level 4.0 Summonings
 - Level 4.0 Necromancy
 - Level 4.0 Translocations
 - Level 4.0 Transmutations
 - Level 4.0 Fire Magic
 - Level 4.0 Ice Magic
 - Level 4.0 Air Magic
 - Level 4.0 Earth Magic
 - Level 4.0 Poison Magic
 + Level 6.5 Shapeshifting


You knew the following spells:

 Your Spells              Type           Power      Damage    Failure   Level
a - Freeze                Ice            52%        1d6       4%          1
b - Wereblood             Tmut           13%        N/A       6%          2
c - Tukima's Dance        Hex            13%        N/A       12%         3
Your spell library was empty.

Dungeon Overview and Level Annotations

Branches:
Dungeon (1/1)

Altars:

Shops:
D :*:?(=:[!=![[([

Annotations:
D exclusion: oklob plant


Innate Abilities, Weirdness & Mutations

You are a hulking beast.
Your limbs bulge with bestial killing power. (Slay +3)
You are flying.
You are immune to sickness and miasma.
You are immune to poison.
Your flesh is almost immune to the effects of heat. (rF+++)
You are vulnerable to cold. (rC-)
You float through the air rather than walking.
You learn spells naturally, not from books.
Your magical power is your life essence.
You have superior vitality. (+4 MHP)
You are clumsy. (Dex -2)
You are frail. (-10% HP)


Message History

There is an entrance to Xetev's Antique Armour Shop here.
Found 16 gold pieces.
There is an open door here.
There is an open door, spattered with blood here.
There is an open door here.
A boulder beetle comes into view.
Found 243 gold pieces.
A boulder beetle comes into view.
The boulder beetle curls into a ball and begins rolling!
There is a staircase leading out of the dungeon here.
The boulder beetle stops rolling and uncurls.
The boulder beetle curls into a ball and begins rolling!
There is an open door here.
You hit the boulder beetle but do no damage.
You punch the boulder beetle.
The boulder beetle is lightly wounded.
The boulder beetle completely misses you.
The boulder beetle stops rolling and uncurls.
The boulder beetle waves its antennae.
Okay, then.
You punch the boulder beetle!
The boulder beetle is lightly wounded.
The boulder beetle waves its antennae.
You hit the boulder beetle but do no damage.
The boulder beetle completely misses you.
The boulder beetle attacks as it pursues you!
The boulder beetle bites you!
The boulder beetle attacks as it pursues you!
The boulder beetle bites you!!
You hit the boulder beetle but do no damage.
The boulder beetle closely misses you.
You barely miss the boulder beetle.
You punch the boulder beetle, but do no damage.
The boulder beetle closely misses you. The boulder beetle bites you.
* * * LOW HITPOINT WARNING * * *
You punch the boulder beetle!
You punch the boulder beetle, but do no damage.
The boulder beetle is lightly wounded.
The boulder beetle bites you!!
You die...

~## ############~~#+++#
###########~~~....
##∩.......#~~~~.## ##
##.∩.....∩#~~~~##. $##
##∩.∩...∩.#~~~~# ° ..
##.∩.∩.∩.∩#~÷### .#. #
##..∩.∩.∩.#~##B###'# .#
##.....∩..#÷#hB.##.##.#
##....⌠...'~'##.'.<.'#
##........#~#...##.###
#▓▓▓▓▓▓▓###~##.###+#
##??E######~~### l#.
#)(H# ##~~~#.# #l #∩P!+
#'#~## ## #[.$ #.#~~#
#$H ####~~°


You could see 2 boulder beetles.

Vanquished Creatures
  2 neqoxecs (D)
  Menkaure (D)
  2 water moccasins (D)
  4 necrophages (D)
  A hell rat (D)
10 creatures vanquished.

Vanquished Creatures (others)
  2 neqoxecs (D)
2 creatures vanquished.

Grand Total: 12 creatures vanquished

Notes
Turn   | Place    | Note
-------+----------+-------------------------------------------
     0 | D        | rocky1 the Djinni Shapeshifter began the quest for the Orb.
     0 | D        | Reached XP level 1. HP: 17/17 MP: 0/0
     1 | D        | Noticed a necrophage
     1 | D        | Noticed a necrophage
     1 | D        | Noticed a necrophage
     1 | D        | Noticed a necrophage
     8 | D        | Killed a necrophage
     9 | D        | Reached skill level 5 in Unarmed Combat
     9 | D        | Reached XP level 2. HP: 20/25 MP: 0/0
     9 | D        | Reached XP level 3. HP: 24/30 MP: 0/0
     9 | D        | Learned a level 1 spell: Freeze
     9 | D        | Reached XP level 4. HP: 28/35 MP: 0/0
    14 | D        | Killed a necrophage
    15 | D        | Reached skill level 5 in Dodging
    15 | D        | Reached skill level 6 in Unarmed Combat
    15 | D        | Reached XP level 5. HP: 34/41 MP: 0/0
    15 | D        | Learned a level 2 spell: Wereblood
    32 | D        | Reached skill level 7 in Unarmed Combat
    32 | D        | Reached skill level 1 in Spellcasting
    32 | D        | Reached skill level 1 in Conjurations
    32 | D        | Reached skill level 1 in Hexes
    32 | D        | Reached skill level 1 in Summonings
    32 | D        | Reached skill level 1 in Necromancy
    32 | D        | Reached skill level 1 in Translocations
    32 | D        | Reached skill level 1 in Transmutations
    32 | D        | Reached skill level 1 in Fire Magic
    32 | D        | Reached skill level 1 in Ice Magic
    32 | D        | Reached skill level 1 in Air Magic
    32 | D        | Reached skill level 1 in Earth Magic
    32 | D        | Reached skill level 1 in Poison Magic
    44 | D        | Reached skill level 5 in Fighting
    44 | D        | Reached skill level 5 in Shapeshifting
    44 | D        | Reached XP level 6. HP: 11/49 MP: 0/0
   179 | D        | Noticed a wyvern
   179 | D        | Noticed a wyvern
   189 | D        | Found Jaeppefe's Distillery.
   189 | D        | Found Xetev's Antique Armour Shop.
   189 | D        | Found Xoteik's Distillery.
   189 | D        | Found Diecvuk's Antique Armour Shop.
   189 | D        | Found Abiadwab's Jewellery Boutique.
   189 | D        | Found Oprum's Armour Boutique.
   189 | D        | Found Osseyv Ybebo's Antique Weapon Boutique.
   189 | D        | Noticed Menkaure
   190 | D        | Found Roam's Antique Armour Shop.
   190 | D        | Noticed a water moccasin
   191 | D        | Found Joufoqer's Book Shop.
   191 | D        | Found Velomutt's Jewellery Boutique.
   191 | D        | Noticed an iron elemental
   192 | D        | Noticed a water moccasin
   201 | D        | Killed a water moccasin
   202 | D        | Reached skill level 8 in Unarmed Combat
   204 | D        | Reached XP level 7. HP: 55/55 MP: 0/0
   204 | D        | Learned a level 3 spell: Tukima's Dance
   208 | D        | Killed a water moccasin
   209 | D        | Reached skill level 9 in Unarmed Combat
   209 | D        | Killed Menkaure
   266 | D        | Noticed an ice statue
   286 | D        | Noticed a neqoxec
   286 | D        | Gained mutation: Your flesh is almost immune to the effects
                  | of heat. (rF+++) [a neqoxec]
   292 | D        | Found Zuimpu Inalo's Antique Weapon Boutique.
   292 | D        | Found Wonat's Magic Scroll Shop.
   292 | D        | Noticed an oklob plant
   293 | D        | Found Xir Atiawn's Assorted Antiques.
   293 | D        | Found Jokkittuy's Book Shoppe.
   293 | D        | Found Veawne's Book Boutique.
   303 | D        | Gained mutation: You are frail. (-10% HP) [a neqoxec]
   316 | D        | Killed a neqoxec
   322 | D        | Noticed a manticore
   325 | D        | Noticed a neqoxec
   334 | D        | Gained mutation: You are clumsy. (Dex -2) [a neqoxec]
   337 | D        | Killed a neqoxec
   338 | D        | Reached skill level 10 in Unarmed Combat
   338 | D        | Reached XP level 8. HP: 9/57 MP: 0/0
   508 | D        | Noticed a manticore
   518 | D        | Noticed a boulder beetle
   519 | D        | Noticed a boulder beetle
   531 | D        | Mangled by a boulder beetle

Illustrated notes

Levels and vault maps discovered:
D:        the_violet_keep_of_menkaure [sprint2_stairs_cluster_1,
          sprint2_shoproom, sprint2_temple, sprint2_basic_supplies,
          sprint2_obstacle_2, sprint2_obstacle_6, sprint2_obstacle_3,
          sprint2_obstacle_1, sprint2_obstacle_4, sprint2_timed_cluster_1,
          sprint2_smallroom_cluster_1, sprint2_smallroom_final_cluster_1,
          sprint2_transparent_cluster_1, sprint2_second_timed_cluster_1,
          sprint2_sniper_area_1, sprint2_heavy_combat_area_1,
          sprint2_mutation_trap_area_1, sprint2_forest_area_1,
          sprint2_light_combat_area_1, sprint2_behind_water_1,
          sprint2_near_end_vault_1]

Skill      XL: |  1  2  3  4  5  6  7 |
---------------+----------------------+-----
Fighting       | 3 4 5 7 |  7.0
Dodging        | 4 5 6 8 |  8.0
Unarmed Combat | 5 6 7 8 10 | 10.4
Shapeshifting  | 3 4 5 6 |  6.5
Spellcasting   | 2 3 4 |  4.0
Conjurations   | 2 3 4 |  4.0
Hexes          | 2 3 4 |  4.0
Summonings     | 2 3 4 |  4.0
Necromancy     | 2 3 4 |  4.0
Translocations | 2 3 4 |  4.0
Transmutations | 2 3 4 |  4.0
Fire Magic     | 2 3 4 |  4.0
Ice Magic      | 2 3 4 |  4.0
Air Magic      | 2 3 4 |  4.0
Earth Magic    | 2 3 4 |  4.0
Poison Magic   | 2 3 4 |  4.0

Action                     |  1- 3 |  4- 6 |  7- 9 || total
---------------------------+-------+-------+-------++-------
  Melee: Unarmed           |     6 |    41 |    38 ||    85
         Punch             |       |     1 |     3 ||     4
    Use: Potion            |     1 |     3 |       ||     4
         Scroll            |       |       |     1 ||     1
 Armour: Animal skin       |     3 |    16 |    11 ||    30
         Skin              |       |    11 |     4 ||    15
  Dodge: Dodged            |       |    15 |    19 ||    34

Table legend: (Time is in decaauts)
 A = Elapsed time spent in this place.
 B = Non-inter-level travel time spent in this place.
 C = Inter-level travel time spent in this place.
 D = Time resting spent in this place.
 E = Time spent auto-exploring this place.
 F = Levels seen in this place.
 G = Mean time per level.
                   A        B        C        D        E       F      G
               +--------+--------+--------+--------+--------+-----+--------+
         Total |    503 |    503 |      0 |    322 |      0 |   1 |  503.0 |
       Dungeon |    503 |    503 |      0 |    322 |      0 |   1 |  503.0 |
               +--------+--------+--------+--------+--------+-----+--------+

Top non-repeatable levels by time:
       D: 503 daAuts
